 Dungeon Crawl Stone Soup version 0.28.0-53-g5a82cb258f (webtiles) character file.

Game seed: 17440435794359895339

145 MiltankisOP the Changer (level 5, -1/40 HPs)
             Began as a Draconian Transmuter on June 13, 2022.
             Was a Follower of Makhleb.
             Slain by a wyvern zombie (9 damage)
             ... on level 4 of the Dungeon.
             The game lasted 00:06:10 (3262 turns).

MiltankisOP the Changer (Draconian Transmuter)      Turns: 3262, Time: 00:06:10

Health: -1/40      AC:  6    Str: 12    XL:     5   Next: 6%
Magic:  8/8        EV: 12    Int: 16    God:    Makhleb [*.....]
Gold:   125        SH:  0    Dex: 11    Spells: 7/8 levels left

rFire   . . .      SeeInvis .   h - +1 short sword (drain)
rCold   . . .      Faith    .   (no shield)
rNeg    . . .      Spirit   .   (armour unavailable)
rPois   .          Reflect  .   (helmet restricted)
rElec   .          Harm     .   f - +0 cloak
rCorr   .          Rampage  .   (no gloves)
Will    .....                   (no boots)
Stlth   ++........              (no amulet)
HPRegen 0.13/turn               (no ring)
MPRegen 0.11/turn               (no ring)

@: no status effects
A: AC +5, unfitting armour, cold-blooded
a: Renounce Religion


You were on level 4 of the Dungeon.
You worshipped Makhleb.
Makhleb was aware of your devotion.
You visited 1 branch of the dungeon, and saw 4 of its levels.

You collected 125 gold pieces.

Inventory:

Hand Weapons
 h - a +1 short sword of draining (weapon)
Armour
 f - a +0 cloak (worn)
 m - an orb of guile
Scrolls
 a - 2 scrolls of magic mapping {unknown}
 d - 2 scrolls of identify {unknown}
 e - a scroll of vulnerability {unknown}
 i - a scroll of enchant armour {unknown}
 k - 2 scrolls of amnesia {unknown}
 n - a scroll of brand weapon {unknown}
Potions
 b - 2 potions of degeneration {unknown}
 c - a potion of magic {unknown}
 g - a potion of haste {unknown}
 j - a potion of ambrosia {unknown}
 l - a potion of brilliance {unknown}


   Skills:
 + Level 1.1 Fighting
 - Level 1.1 Short Blades
 + Level 1.7 Dodging
 - Level 1.9 Stealth
 + Level 3.0 Unarmed Combat
 + Level 2.0 Spellcasting
 + Level 4.5 Transmutations


You had 7 spell levels left.
You knew the following spells:

 Your Spells              Type           Power      Damage    Failure   Level
a - Beastly Appendage     Tmut           32%        N/A       3%          1

Your spell library contained the following spells:

 Spells                   Type           Power      Damage    Failure   Level
 Wereblood                Tmut           16%        N/A       4%          2
 Spider Form              Tmut/Pois      8%         N/A       24%         3
 Dazzling Flash           Conj/Hex       2%         N/A       52%         3
 Ice Form                 Ice/Tmut       8%         N/A       63%         4
 Agony                    Necr           1%         N/A       99%         5
 Iskenderun's Battlesphe  Conj           1%         2d6       99%         5
 Silence                  Hex/Air        0%         N/A       99%         5
 Iron Shot                Conj/Erth      0%         9d1       100%        6
 Spellforged Servitor     Conj/Summ      0%         N/A       100%        7


Dungeon Overview and Level Annotations

Branches:
Dungeon (4/15)
 Temple: D:4-7

Altars:
Makhleb


Innate Abilities, Weirdness & Mutations

Your plain brown scales are hard. (AC +5)
You cannot fit into any form of body armour.
You are cold-blooded and may be slowed by cold attacks.


Message History

You headbutt the phantom.
The phantom is severely damaged.
The phantom hits you.
* * * LOW HITPOINT WARNING * * *
You completely miss the phantom.
The phantom is severely damaged.
The phantom misses you.
You barely miss the phantom. Your headbutt misses the phantom.
The phantom is severely damaged.
The phantom hits you but does no damage.
You hit the phantom. You headbutt the phantom!
You destroy the phantom!
Makhleb accepts your kill.
Your Short Blades skill increases to level 1!
You have reached level 5!
Unknown command.
Unknown command.
Your horns disappear.
Your talons disappear.
HP restored.
b - 2 orange potions (gained 1)
You now have 125 gold pieces (gained 9).
n - a scroll labelled VIAROE YMEH You open the door.
There is an open door here.
A wyvern zombie comes into view.
A wyvern zombie is nearby!
The wyvern zombie bites you but does no damage.
The wyvern zombie bites you.
The wyvern zombie bites you but does no damage.
The wyvern zombie barely misses you. The wyvern zombie bites you!
The wyvern zombie bites you! The wyvern zombie closely misses you.
The wyvern zombie closely misses you. The wyvern zombie barely misses you.
The wyvern zombie bites you but does no damage.
The wyvern zombie closely misses you. The wyvern zombie bites you!
* * * LOW HITPOINT WARNING * * *
The wyvern zombie bites you!
You die...

#..........#######.# #.#.#
#..........+.....#.# #.#.#
#..........#####.#.###.#.#
#..........# #.......#.#
#..........#######.#####.#
#..........#.......# #.#
#..........#.####### #.#
#.#######'##.# #.#
......Z@...# #######.#
.........### #...ยง...#
.........# #.#######
.........# #.# ##########
#.# #.# #.# ####.# #....#


You could see a wyvern zombie.

Vanquished Creatures
  A phantom (D:4)
  An adder (D:2)
  A worm (D:2)
  2 dart slugs (D:1)
  9 endoplasms
  A giant cockroach (D:1)
  2 goblins
  9 hobgoblins
  3 ball pythons
  6 bats
  A frilled lizard (D:2)
  10 kobolds
  3 rats
49 creatures vanquished.

Notes
Turn   | Place    | Note
-------+----------+-------------------------------------------
     0 | D:1      | MiltankisOP the Draconian Transmuter began the quest for
                  | the Orb.
     0 | D:1      | Reached XP level 1. HP: 16/16 MP: 3/3
   174 | D:1      | Reached XP level 2. HP: 21/23 MP: 3/5
   413 | D:1      | Reached skill level 3 in Transmutations
  1296 | D:2      | Reached XP level 3. HP: 25/28 MP: 4/6
  1932 | D:2      | Reached skill level 1 in Stealth
  2105 | D:2      | Found a faded altar of an unknown god.
  2120 | D:2      | Prayed at the altar of an unknown god.
  2120 | D:2      | Became a worshipper of Makhleb the Destroyer
  2120 | D:2      | Reached * piety under Makhleb
  2530 | D:3      | Reached skill level 4 in Transmutations
  2653 | D:3      | Reached XP level 4. HP: 35/35 MP: 7/7
  2806 | D:4      | Noticed an ogre
  2894 | D:4      | Noticed a phantom
  2910 | D:4      | Killed a phantom
  2911 | D:4      | Reached skill level 1 in Short Blades
  2911 | D:4      | Reached XP level 5. HP: 6/40 MP: 8/8
  3262 | D:4      | Slain by a wyvern zombie

Illustrated notes

Levels and vault maps discovered:
D:1:      lemuel_arrival_funnel, layout_loops_ring, minmay_tripent
D:2:      minmay_door_path, layout_basic, hellmonk_ecumenical_altar_heavens_door
D:3:      layout_basic
D:4:      layout_basic, kennysheep_mini, lemuel_coloured_pillars_altar

Skill      XL: |  1  2  3  4 |
---------------+-------------+-----
Transmutations | 3 4 |  4.5
Stealth        | 1 |  1.9
Short Blades   | 1 |  1.1
Fighting       | |  1.1
Dodging        | |  1.7
Unarmed Combat | |  3.0
Spellcasting   | |  2.0

Action                   |  1- 3 |  4- 6 || total
-------------------------+-------+-------++-------
Melee: Unarmed           |    90 |       ||    90
       Headbutt          |    16 |     2 ||    18
       Kick              |    17 |     1 ||    18
       Tailslap          |    11 |       ||    11
       Punch             |     3 |       ||     3
       Short sword       |    26 |    13 ||    39
 Cast: Beastly Appendage |    24 |     1 ||    25
 Stab: Sleeping          |     3 |       ||     3
Armor: Skin              |    28 |     4 ||    32
Dodge: Dodged            |    72 |    10 ||    82
